 Dungeon Crawl Stone Soup version 0.30.1-11-g7821555f0a (webtiles) character file.

Game seed: 1364304707455512975

2602 Amplified the Thaumaturge (level 9, -1/81 HPs)
             Began as a Deep Elf Fire Elementalist on Nov 8, 2023.
             Was a Believer of Vehumet.
             Slain by a killer bee (6 damage)
             ... on level 8 of the Dungeon.
             The game lasted 00:15:17 (8034 turns).

Amplified the Thaumaturge (DEFE)                    Turns: 8034, Time: 00:15:19

Health: -1/81      AC:  9    Str: 11    XL:     9   Next: 33%
Magic:  18/32      EV: 11    Int: 22    God:    Vehumet [**....]
Gold:   307        SH:  0    Dex: 20    Spells: 18/25 levels left

rFire   . . .        d - +4 dagger (venom)
rCold   . . .        (no shield)
rNeg    . . .        e - +0 ring mail
rPois   .            (no helmet)
rElec   +            h - +0 cloak
rCorr   +            w - +0 pair of gloves
SInv    .            k - +0 pair of boots
Will    .....        l - amulet of the Messenger {Faith rElec rCorr} Stlth
                     r - ring of magical power
HPRegen 0.33/turn    B - +6 ring of dexterity
MPRegen 0.23/turn

%: faith
@: berserking, invisible, very quick
A: shaggy fur 1, strong 1, inability to drink after injury 1, MP-powered wands
a: Renounce Religion


You were on level 8 of the Dungeon.
You worshipped Vehumet.
Vehumet was pleased with you.
You visited 2 branches of the dungeon, and saw 9 of its levels.
You also visited: Sewer.

You collected 307 gold pieces.

Inventory:

Hand Weapons
 d - a +4 dagger of venom (weapon)
 u - a +1 dagger of electrocution
Missiles
 b - 10 poisoned darts
 o - a curare-tipped dart
Armour
 a - a +0 robe
 e - a +0 ring mail (worn)
 h - a +0 cloak (worn)
 k - a +0 pair of boots (worn)
 w - a +0 pair of gloves (worn)
Jewellery
 l - the amulet of the Messenger (around neck) {Faith rElec rCorr}
   (You acquired it on level 5 of the Dungeon)

   [amulet of faith]

   It allows you to gain divine favour quickly.
   rElec:     It insulates you from electricity.
   rCorr:     It protects you from acid and corrosion.
 r - a ring of magical power (left hand)
 B - a +6 ring of dexterity (right hand)
Wands
 m - a wand of digging (1)
 x - a wand of flame (10)
 C - a wand of polymorph (10)
Scrolls
 n - 2 scrolls of noise
 y - a scroll of magic mapping
 A - a scroll of immolation
Potions
 g - 3 potions of degeneration
 j - 3 potions of lignification
 p - 2 potions of ambrosia
 q - 3 potions of flight
 s - a potion of magic
 t - 3 potions of attraction
 z - 2 potions of mutation


   Skills:
 * Level 5.1 Fighting
 - Level 2.4 Dodging
 - Level 2.4 Stealth
 * Level 8.9 Spellcasting
 * Level 7.0 Conjurations
 * Level 7.7 Fire Magic


You had 18 spell levels left.
You knew the following spells:

 Your Spells              Type           Power      Damage    Failure   Level
a - Foxfire               Conj/Fire      100%       2x1d9     1%          1
b - Scorch                Fire           86%        2d8       1%          2
c - Flame Wave            Conj/Fire      42%        2d11      8%          4

Your spell library contained the following spells:

 Spells                   Type           Power      Damage    Failure   Level
 Momentum Strike          Conj/Tloc      50%        3d9       6%          2
 Inner Flame              Hex/Fire       26%        N/A       10%         3
 Volatile Blastmotes      Fire/Tloc      52%        2d14      10%         3
 Hailstorm                Conj/Ice       25%        3d7       12%         3
 Ice Form                 Ice/Tmut       9%         N/A       86%         4
 Simulacrum               Ice/Necr       4%         N/A       100%        6


Dungeon Overview and Level Annotations

Branches:
Dungeon (8/15)             Temple (1/1) D:4           Sewer (visited)
   Lair: D:8-11

Altars:
Ashenzari
Cheibriados
Dithmenos
Elyvilon
Hepliaklqana
Kikubaaqudgha
Makhleb
Nemelex Xobeh
Okawaru
Qazlal
Ru
Sif Muna
Trog
Uskayaw
Vehumet
Wu Jian
Xom
Yredelemnul
Zin
The Shining One
Lugonu

Shops:
D:1 [

Annotations:
D:8 1 transporter


Innate Abilities, Weirdness & Mutations

You are covered in fur. (AC +1)
Your muscles are strong. (Str +4, Int/Dex -1)
You occasionally lose the ability to drink potions when taking damage.
You expend magic power (3 MP) to strengthen your wands.


Message History

* * * LOW HITPOINT WARNING * * *
Unknown command.
You cannot drink potions in your current state!
Unknown command.
You cannot drink potions in your current state!
Unknown command.
Aiming: Polymorph
Press: ? - help, Shift-Dir - straight line, f - killer bee
Aim: a killer bee (heavily wounded, unable to see you, will become a sky beast, a bat, or a steam dragon, chance to affect: 62%)
You feel a surge of power!
The killer bee evaporates and reforms as a steam dragon!
You can drink potions again.
You feel sick. The steam dragon breathes steam at you.
The ball of steam misses you.
Unknown command.
Okay, then.
You feel sick.
You feel sick.
It was a potion of berserk rage.
A red film seems to cover your vision as you go berserk!
You feel yourself moving faster!
You feel mighty!
You feel sick. The steam dragon misses you. The steam dragon barely misses you.
Unknown command.
Unknown command.
You hit the steam dragon.
The steam dragon is heavily wounded.
You feel sick.
You hear an angry buzzing noise.
You puncture the steam dragon!
The steam dragon is almost dead.
You feel sick.
You are no longer poisoned.
The killer bee buzzes angrily.
The steam dragon breathes steam past the killer bee.
You hit the steam dragon but do no damage.
The steam dragon is poisoned.
The steam dragon is almost dead.
The killer bee stings you.
You die...

⌠.................#y#.....#
..#####.#.....###.#§#..####
.#+ ####......#.#y#..# .#
#.####.#.#.#... .#
#........#.#.########### .#
#.####y###.#.#..........
.## ####.# #.§..yy#
#.######### ..#####....#
#.D#####.#.# ........####
#.y@.....#.# #########
#...######.# #..........#
#.#.######## #...# #.### ##


You could see a steam dragon (unable to see you, very poisoned) and 2 killer
bees.

Vanquished Creatures
  2 yaks
  Edmund (D:4)
  2 water moccasins
  Duvessa (D:6)
  An orc warrior (D:5)
  2 ice beasts
  An ogre (D:7)
  A centaur (D:7)
  2 phantoms
  A kobold brigand (Sewer)
  A bullfrog (D:7)
  3 scorpions
  Dowan (D:6)
  5 killer bees
  2 hounds
  An orc priest (D:7)
  2 jellies
  A gnoll bouda (D:7)
  3 sleepcaps
  Ijyb (D:4)
  6 iguanas
  Natasha (D:4)
  2 orc wizards
  5 gnolls (D:7)
  3 river rats
  5 adders
  2 worms (D:4)
  2 dart slugs
  8 orcs
  6 ball pythons
  8 endoplasms
  5 giant cockroaches
  4 goblins
  5 hobgoblins
  10 jackals
  12 kobolds
  4 bats (D:1)
  A frilled lizard (D:3)
  11 rats
134 creatures vanquished.

Vanquished Creatures (others)
  204 foxfires
204 creatures vanquished.

Grand Total: 338 creatures vanquished

Notes
Turn   | Place    | Note
-------+----------+-------------------------------------------
     0 | D:1      | Amplified the Deep Elf Fire Elementalist began the quest
                  | for the Orb.
     0 | D:1      | Reached XP level 1. HP: 10/10 MP: 6/6
   117 | D:1      | Reached XP level 2. HP: 12/16 MP: 1/8
   389 | D:1      | Found Zaotit's Antique Armour Emporium.
   681 | D:1      | Reached XP level 3. HP: 19/20 MP: 10/10
   823 | D:1      | Learned a level 2 spell: Scorch
   925 | D:2      | Reached skill level 1 in Fighting
  1279 | D:2      | Gained mutation: You are partially covered in iridescent
                  | scales. (AC +2) [potion of mutation]
  1279 | D:2      | Gained mutation: You occasionally lose the ability to drink
                  | potions when taking damage. [potion of mutation]
  1279 | D:2      | Gained mutation: You have a beak for a mouth. [potion of
                  | mutation]
  1562 | D:3      | Lost mutation: You have a beak for a mouth. [potion of
                  | mutation]
  1562 | D:3      | Lost mutation: You are partially covered in iridescent
                  | scales. (AC +2) [potion of mutation]
  1562 | D:3      | Gained mutation: You have hidden genetic potential. [potion
                  | of mutation]
  1562 | D:3      | Gained mutation: You are covered in fur. (AC +1) [potion of
                  | mutation]
  2056 | D:3      | Reached XP level 4. HP: 25/25 MP: 11/11
  2220 | D:4      | Found a staircase to the Ecumenical Temple.
  2230 | Temple   | Entered the Ecumenical Temple
  2400 | Temple   | Became a worshipper of Vehumet
  2554 | D:4      | Noticed a scorpion
  2564 | D:4      | Killed a scorpion
  2565 | D:4      | Reached skill level 4 in Spellcasting
  2566 | D:4      | Gained mutation: Your muscles are strong. (Str +4, Int/Dex
                  | -1) [hidden potential]
  2582 | D:4      | Found a glowing drain.
  2584 | D:4      | Reached XP level 5. HP: 26/29 MP: 0/13
  2719 | Sewer    | Entered a sewer
  2843 | Sewer    | Gained mutation: You expend magic power (3 MP) to
                  | strengthen your wands. [hidden potential]
  2843 | Sewer    | Lost mutation: You have hidden genetic potential. [hidden
                  | potential expressed]
  2885 | Sewer    | Found a white marble altar of Elyvilon.
  2995 | D:4      | Noticed Edmund
  3170 | D:4      | Noticed Ijyb
  3170 | D:4      | Noticed a phantom
  3184 | D:4      | Killed a phantom
  3185 | D:4      | Reached skill level 5 in Spellcasting
  3185 | D:4      | Reached XP level 6. HP: 26/35 MP: 10/15
  3238 | D:4      | Killed Ijyb
  3238 | D:4      | Reached * piety under Vehumet
  3238 | D:4      | Offered knowledge of Freeze by Vehumet.
  3403 | D:4      | Noticed Natasha
  3407 | D:4      | Killed Natasha
  3472 | D:4      | Reached skill level 5 in Fire Magic
  3661 | D:4      | Killed Edmund
  3662 | D:4      | Reached XP level 7. HP: 40/40 MP: 3/17
  4032 | D:5      | Entered Level 5 of the Dungeon
  4060 | D:5      | Reached skill level 6 in Spellcasting
  4645 | D:5      | Identified a scroll of acquirement
  4645 | D:5      | Acquired the amulet of the Messenger {Faith rElec rCorr}
  4655 | D:5      | Found a hazy altar of Hepliaklqana.
  4659 | D:5      | Reached skill level 5 in Conjurations
  4938 | D:5      | Reached XP level 8. HP: 47/47 MP: 18/20
  5121 | D:6      | Reached skill level 7 in Spellcasting
  5146 | D:6      | Noticed Dowan
  5146 | D:6      | Noticed Duvessa
  5167 | D:6      | Killed Dowan
  5330 | D:6      | Killed Duvessa
  6181 | D:7      | Learned a level 4 spell: Flame Wave
  6384 | D:7      | Reached ** piety under Vehumet
  6557 | D:7      | Reached skill level 8 in Spellcasting
  6560 | D:7      | Offered knowledge of Momentum Strike by Vehumet.
  6939 | D:7      | Reached XP level 9. HP: 52/52 MP: 23/23
  7895 | D:8      | Found a transporter.
  7897 | D:8      | Noticed a white ugly thing
  7898 | D:8      | Noticed a red ugly thing
  7899 | D:8      | Found a corrupted altar of Lugonu.
  7938 | D:8      | Found a glowing golden altar of the Shining One.
  7941 | D:8      | Found a shimmering altar of Xom.
  7965 | D:8      | Reached skill level 5 in Fighting
  8033 | D:8      | HP: 4/81 [poisoned by a killer bee]
  8034 | D:8      | Slain by a killer bee

Illustrated notes

Levels and vault maps discovered:
D:1:      spicycebolla_arrival_xxxplode, layout_rooms, serial_shops, shop,
          nicolae_concentric_dashed_squares_wild
D:2:      layout_basic
D:3:      layout_loops_cross, dreamdust_princess_bridge
D:4:      layout_loops_ring, minmay_temple_entry_glassed_door, serial_bayou,
          serial_bayou_shore_a, serial_bayou_pond_b, serial_bayou_lake_a,
          serial_bayou_lagoon_a, portal_sewer_entry_a, uniq_edmund, uniq_ijyb,
          uniq_natasha
D:5:      layout_cave_pods, mainiacjoe_overflow_boulevard
D:6:      nicolae_cairo_tiling_large, layout_rooms, uniq_duvessa
D:7:      layout_basic
D:8:      gammafunk_corrupted_shrine, layout_basic,
          grunt_temple_overflow_cloverleaf, serial_glass, glass_columns_b,
          glass_columns_a, gammafunk_ghost_ooze, serial_bayou_ford_a,
          uniq_maggie
Temple:   minmay_crystal_spiral_temple

Skill      XL: |  1  2  3  4  5  6  7  8  9 |
---------------+----------------------------+-----
Fighting       | 1 2 3 4 5 |  5.1
Conjurations   | 2 3 4 5 6 7 |  7.0
Spellcasting   | 4 5 6 8 |  8.9
Fire Magic     | 4 5 6 7 |  7.7
Dodging        | |  2.4
Stealth        | |  2.4

Action                     |  1- 3 |  4- 6 |  7- 9 || total
---------------------------+-------+-------+-------++-------
  Melee: Unarmed           |     5 |       |       ||     5
         Short sword       |    65 |    59 |       ||   124
         Peck              |     1 |       |       ||     1
         Dagger            |       |     1 |    77 ||    78
   Cast: Foxfire           |    40 |    40 |    50 ||   130
         Scorch            |     4 |    22 |    68 ||    94
         Flame Wave        |       |       |     1 ||     1
  Evoke: Wand              |       |     4 |     4 ||     8
    Use: Scroll            |     6 |     4 |    11 ||    21
         Potion            |     3 |     1 |    15 ||    19
   Stab: Sleeping          |     1 |       |     4 ||     5
         Invisible         |       |       |     1 ||     1
 Armour: Robe              |     8 |       |       ||     8
         Ring mail         |    65 |    35 |    50 ||   150
  Dodge: Dodged            |    80 |    50 |    99 ||   229
